 Dungeon Crawl Stone Soup version 0.31.0-11-ge490571c62 (webtiles) character file.

Game seed: 7145809904960395101

1341 qw the Nimble (level 8, -7/40 HPs)
             Began as a Spriggan Hunter on Feb 3, 2024.
             Mangled by a wight
             ... wielding a +5 halberd
              (10 damage)
             ... on level 6 of the Dungeon.
             The game lasted 00:02:41 (4571 turns).

qw the Nimble (Spriggan Hunter)                     Turns: 4571, Time: 00:02:41

Health: -7/40      AC:  8    Str:  7    XL:     8   Next: 35%
Magic:  9/9        EV: 24    Int: 11    God:
Gold:   317        SH:  0    Dex: 20    Spells: 7/7 levels left

rFire   . . .        a - +0 shortbow
rCold   . . .        (shield currently unavailable)
rNeg    . . .        c - +0 robe
rPois   .            d - +1 hat
rElec   .            b - +0 cloak
rCorr   .            (gloves unavailable)
SInv    +            (boots unavailable)
Will    +....        (no amulet)
Stlth   ++           h - +4 ring of protection
HPRegen 0.26/turn    (no ring)
MPRegen 0.11/turn

%: no passive effects
@: very quick
A: very small, no large weapons, unfitting armour, see invisible, speed 3
a: no special abilities


You were on level 6 of the Dungeon.
You visited 1 branch of the dungeon, and saw 6 of its levels.

You collected 317 gold pieces.


Innate Abilities, Weirdness & Mutations

You are very small and have problems with some larger weapons.
You are too small for most types of armour.
You have supernaturally acute eyesight. (SInv)
You cover ground extremely quickly. (Speed+++)


   Skills:
 - Level 3.0 Fighting
 + Level 8.4 Ranged Weapons
 - Level 8.7 Dodging
 - Level 1.5 Stealth


You had 7 spell levels left.
You didn't know any spells.
Your spell library was empty.

Inventory:

Hand Weapons
 a - a +0 shortbow (weapon)
Armour
 b - a +0 cloak (worn)
 c - a +0 robe (worn)
 d - a +1 hat (worn)
Jewellery
 e - a ring of ice
 h - a +4 ring of protection (left hand)
Scrolls
 j - a scroll of amnesia {unknown}
 m - a scroll of identify
Potions
 g - a potion of mutation
 i - a potion of attraction {unknown}
 k - a potion of cancellation {unknown}
 l - a potion of might {unknown}

Dungeon Overview and Level Annotations

Branches:
Dungeon (6/15)             Temple (0/1) D:6

Altars:
Ru

Shops:
D:1 *:   D:3 :   D:4 [

Annotations:
D:1 2 transporters
D:5 1 runed translucent door, qw's ghost, amateur SpHu


Message History

The wight closely misses you.
You shoot an arrow. The arrow closely misses the wight.
The arrow hits the wight.
The wight is moderately damaged.
The wight barely misses you. The wight completely misses you.
You shoot an arrow. The arrow hits the wight.
The wight is moderately damaged.
The wight misses you. The wight completely misses you.
You shoot an arrow. The arrow closely misses the wight. x2
The arrow completely misses the wight.
The wight barely misses you. The wight completely misses you.
You shoot an arrow. The arrow barely misses the wight.
The arrow hits the wight but does no damage.
The wight is moderately damaged.
The wight misses you.
The wight hits you from afar with a +5 halberd!
You shoot an arrow. The arrow hits the wight.
The wight is severely damaged.
The wight completely misses you. The wight closely misses you.
You shoot an arrow. The arrow barely misses the wight.
The arrow hits the wight but does no damage.
The wight is moderately damaged.
The wight completely misses you. The wight misses you.
You shoot an arrow.
The arrow hits the wight but does no damage.
The wight is heavily damaged.
The wight hits you with a +0 scimitar. The wight misses you.
You shoot an arrow. The arrow hits the wight.
The wight is severely damaged.
The wight barely misses you. The wight misses you.
You shoot an arrow. The arrow hits the wight.
The wight is severely damaged.
The wight completely misses you. x2
You shoot an arrow. The arrow hits the wight!
You destroy the wight!
The wight closely misses you.
You shoot an arrow. The arrow hits the wight!
The wight is severely damaged.
The wight hits you from afar with a +5 halberd!
You die...

#.... ## ..#.....
... . ....... ....
#. ...... .....
#.##....#####z.....
#....##....@zz..#
#..........####.#
#.....)....#
#.........##
###...)..#####
.............#
.......))###.#
..........#
.......)..#


You could see 3 wights.

Vanquished Creatures
  Sigmund (D:6)
  An ice beast (D:6)
  3 phantoms
  A scorpion (D:5)
  A gnoll sergeant (D:4)
  2 wights (D:6)
  An orc priest (D:6)
  A hound (D:6)
  3 iguanas
  7 orc wizards
  8 adders
  13 gnolls
  2 white imps
  2 ribbon worms
  7 dart slugs
  15 orcs
  7 ball pythons
  8 endoplasms
  3 giant cockroaches
  10 goblins
  8 hobgoblins
  2 jackals (D:1)
  A quokka (D:2)
  7 bats
  2 frilled lizards
  9 kobolds
  3 rats
128 creatures vanquished.

Notes
Turn   | Place    | Note
-------+----------+-------------------------------------------
     0 | D:1      | qw the Spriggan Hunter began the quest for the Orb.
     0 | D:1      | Reached XP level 1. HP: 10/10 MP: 2/2
     0 | D:1      | 0 ||| qw: Version: 0.3-a-155-g5e7d8dd
     0 | D:1      | 0 ||| qw: Game counter: 3320
     0 | D:1      | 0 ||| qw: Melee chars always use a shield: true
     0 | D:1      | 0 ||| qw: God list: Okawaru
     0 | D:1      | 0 ||| qw: Allow faded altars: false
     0 | D:1      | 0 ||| qw: Do Orc after clearing Dungeon:15 true
     0 | D:1      | 0 ||| qw: Do second Lair branch before Depths: true
     0 | D:1      | 0 ||| qw: Lair rune preference: random
     0 | D:1      | 0 ||| qw: Goals: Normal
     0 | D:1      | 0 ||| PLANNING D:1-11
   223 | D:1      | Reached skill level 3 in Dodging
   368 | D:1      | Reached XP level 2. HP: 14/14 MP: 3/3
   593 | D:1      | Reached XP level 3. HP: 14/18 MP: 4/4
   772 | D:1      | Found Jepimu's Assorted Antiques.
   775 | D:1      | 775 ||| SHOPLISTING 3 inky potions (59 gold, have 14).
   775 | D:1      | 775 ||| SHOPLISTING black potion (19 gold, have 14).
   775 | D:1      | 775 ||| SHOPLISTING glowing silvery potion (19 gold, have
                  | 14).
   775 | D:1      | 775 ||| SHOPLISTING inky potion (19 gold, have 14).
   775 | D:1      | 775 ||| SHOPLISTING scroll labelled ANEGYC KOUMNU (22 gold,
                  | have 14).
   775 | D:1      | 775 ||| SHOPLISTING scroll labelled TORUKUANOR (22 gold,
                  | have 14).
   800 | D:1      | Found a transporter.
   800 | D:1      | Found Bedirokh's Book Shoppe.
   979 | D:1      | Found a transporter.
   982 | D:1      | 982 ||| DRINKING 2 metallic purple potions.
   983 | D:1      | 983 ||| DROPPING scroll of butterflies.
  1048 | D:2      | 1048 ||| STAIRDANCE
  1092 | D:2      | You fall into a shaft and drop 2 floors!
  1134 | D:4      | Reached XP level 4. HP: 20/22 MP: 5/5
  1176 | D:4      | Noticed a phantom
  1184 | D:4      | Killed a phantom
  1185 | D:4      | Reached skill level 6 in Dodging
  1185 | D:4      | Reached XP level 5. HP: 22/25 MP: 6/6
  1211 | D:4      | 1211 ||| DRINKING black potion.
  1212 | D:4      | 1212 ||| DRINKING bubbling black potion.
  1213 | D:4      | 1213 ||| DRINKING murky puce potion.
  1213 | D:4      | HP: 5/25 [orc wizard/+0 dagger (3)]
  1214 | D:4      | 1214 ||| DRINKING potion of heal wounds.
  1281 | D:4      | Found Deeluamn's Armour Emporium.
  1402 | D:4      | Noticed a phantom
  1403 | D:4      | 1403 ||| DRINKING potion of haste.
  1411 | D:4      | Killed a phantom
  1412 | D:4      | Reached XP level 6. HP: 30/30 MP: 7/7
  1442 | D:4      | Reached skill level 6 in Ranged Weapons
  1545 | D:4      | HP: 3/30 [orc wizard/magic dart (7)]
  1680 | D:4      | 1680 ||| UPGRADING to +0 cloak.
  1685 | D:4      | 1685 ||| READING scroll labelled GEIMEM QOADAE.
  1688 | D:4      | 1688 ||| READING scroll labelled IVYACA LOXOH.
  1689 | D:4      | 1689 ||| READING scroll labelled JENAYDUEJU.
  1690 | D:4      | 1690 ||| READING 3 scrolls labelled AKHIFA ZEAKK.
  1690 | D:4      | 1690 ||| IDENTIFYING fuming orange potion
  1691 | D:4      | 1691 ||| DROPPING potion of berserk rage.
  1704 | D:3      | 1704 ||| UPGRADING to +1 hat.
  1827 | D:2      | Found a faded altar of an unknown god.
  2120 | D:2      | 2120 ||| READING 3 scrolls of identify.
  2120 | D:2      | 2120 ||| IDENTIFYING amethyst potion
  2121 | D:2      | 2121 ||| READING 2 scrolls of identify.
  2121 | D:2      | 2121 ||| IDENTIFYING scroll labelled YZXOIMAROLA
  2122 | D:2      | 2122 ||| READING scroll of identify.
  2122 | D:2      | 2122 ||| IDENTIFYING scroll labelled JEPURA KU AHYN
  2123 | D:2      | 2123 ||| DROPPING scroll of fog.
  2124 | D:2      | 2124 ||| DROPPING scroll of revelation.
  2125 | D:2      | 2125 ||| DROPPING potion of degeneration.
  2175 | D:3      | Found Racymyo's Book Boutique.
  2456 | D:3      | 2456 ||| UPGRADING to +4 ring of protection.
  2457 | D:3      | 2457 ||| READING scroll of identify.
  2457 | D:3      | 2457 ||| IDENTIFYING scroll labelled TORUKUANOR
  2458 | D:3      | 2458 ||| DROPPING scroll of noise.
  2882 | D:3      | Reached XP level 7. HP: 35/35 MP: 8/8
  3331 | D:4      | HP: 7/35 [gnoll/+0 whip[a gnoll sergeant] (4)]
  3332 | D:4      | 3332 ||| DRINKING potion of heal wounds.
  3419 | D:5      | Entered Level 5 of the Dungeon
  3543 | D:5      | Found a runed translucent door.
  3550 | D:5      | Noticed qw's ghost (amateur SpHu)
  3847 | D:5      | Found a sacrificial altar of Ru.
  4046 | D:5      | 4046 ||| DROPPING ring of magical power.
  4047 | D:5      | 4047 ||| READING scroll of identify.
  4047 | D:5      | 4047 ||| IDENTIFYING purple potion
  4048 | D:5      | 4048 ||| READING scroll labelled YNOLIOTUQE.
  4198 | D:6      | Found a staircase to the Ecumenical Temple.
  4199 | D:6      | 4199 ||| PLANNING TEMPLE
  4291 | D:6      | Noticed Sigmund
  4297 | D:6      | 4297 ||| DRINKING potion of haste.
  4316 | D:6      | Reached skill level 3 in Fighting
  4323 | D:6      | Reached XP level 8. HP: 12/40 MP: 9/9
  4323 | D:6      | HP: 10/40 [orc/+0 dagger (2)]
  4326 | D:6      | HP: 4/40 [orc/+0 dagger (2)]
  4335 | D:6      | Killed Sigmund
  4564 | D:6      | HP: 6/40 [wight/+5 halberd (8)]
  4567 | D:6      | HP: 2/40 [wight/+0 scimitar (5)]
  4571 | D:6      | Mangled by a wight

Levels and vault maps discovered:
D:1:      minmay_arrival_widening_spiral_narrow, layout_loops_ring,
          serial_shops, nicolae_shop_real_fake_doors, nicolae_shop_drivethru
D:2:      layout_rooms, ebering_ecumenical_altar_hall
D:3:      kb_forest_paths, layout_loops_ring, serial_shops, shop
D:4:      layout_cave_pools, serial_shops, shop, lightli_minifort
D:5:      nicolae_cairo_tiling, layout_cave_pools, lemuel_tele_altar,
          ebering_ghost_inner_flame
D:6:      layout_basic, cheibriados_altar_1, temple_pool_b, uniq_sigmund

Skill      XL: |  1  2  3  4  5  6  7  8 |
---------------+-------------------------+-----
Dodging        | 3 4 6 7 8 |  8.7
Ranged Weapons | 5 7 8 |  8.4
Fighting       | 2 3 |  3.0
Stealth        | |  1.5

Action                     |  1- 3 |  4- 6 |  7- 9 || total
---------------------------+-------+-------+-------++-------
   Fire: Shortbow          |    89 |   219 |   213 ||   521
    Use: Potion            |     1 |     5 |     2 ||     8
         Scroll            |       |     8 |     2 ||    10
 Armour: Robe              |    10 |    33 |    48 ||    91
  Dodge: Dodged            |    26 |    76 |   153 ||   255

Table legend:
 A = Non-vault XP
 B = Vault XP
 C = Vault XP percentage of total XP
 D = Non-vault monster count
 E = Vault monster count
 F = Vault count percentage of total count
                 A         B        C        D         E       F
            +---------+---------+-------+---------+---------+-------
      Total |    1524 |     392 |  20.5 |     116 |      12 |   9.4
            +---------+---------+-------+---------+---------+-------
        D:1 |      57 |       0 |   0.0 |      29 |       0 |   0.0
        D:2 |      43 |       0 |   0.0 |      15 |       0 |   0.0
        D:3 |     141 |      32 |  18.5 |      23 |       6 |  20.7
        D:4 |     479 |     137 |  22.2 |      24 |       5 |  17.2
        D:5 |     323 |       0 |   0.0 |      10 |       0 |   0.0
        D:6 |     481 |     223 |  31.7 |      15 |       1 |   6.2
            +---------+---------+-------+---------+---------+-------
